 Dungeon Crawl Stone Soup version 0.28.0-45-g0d030f2227 (webtiles) character file.

Game seed: 9784776725511307281

5794 protoss039 the Thaumaturge (level 10, -5/60 HPs)
             Began as a Gargoyle Earth Elementalist on May 9, 2022.
             Was an Initiate of Vehumet.
             Shot with an arrow by a centaur warrior (21 damage)
             ... on level 8 of the Dungeon.
             The game lasted 00:29:31 (11893 turns).

protoss039 the Thaumaturge (GrEE)                  Turns: 11893, Time: 00:29:33

Health: -5/60      AC: 12    Str: 12    XL:     10   Next: 79%
Magic:  12/24      EV: 10    Int: 20    God:    Vehumet [......]
Gold:   399        SH:  0    Dex: 10    Spells: 19/30 levels left

rFire   . . .      SeeInvis .   p - +8 woodcutter's axe {vorpal}
rCold   . . .      Faith    .   (no shield)
rNeg    + . .      Spirit   .   s - +0 ring mail
rPois   ∞          Reflect  .   (no helmet)
rElec   +          Harm     .   (no cloak)
rCorr   .          Rampage  .   (no gloves)
Will    .....                   (no boots)
Stlth   +.........              (no amulet)
HPRegen 0.20/turn               E - ring of wizardry
MPRegen 0.19/turn               (no ring)

@: no status effects
A: sickness immunity, AC +7, negative energy resistance 1, electricity
resistance, torment resistance 1, petrification resistance
a: Renounce Religion


You were on level 8 of the Dungeon.
You worshipped Vehumet.
Vehumet was noncommittal.
You visited 2 branches of the dungeon, and saw 9 of its levels.
You also visited: Sewer.

You collected 399 gold pieces.

Inventory:

Hand Weapons
 j - the +6 mace "Westrade" {vorpal, rC+ Will++ Str-4}
   (You found it on level 2 of the Dungeon)

   It inflicts extra damage upon your enemies.
   Str:       It affects your strength (-4).
   rC:        It protects you from cold.
   Will:      It greatly increases your willpower.
 l - a +1 dagger of venom
 o - a +3 trident of flaming
 p - the +8 woodcutter's axe (weapon) {vorpal}
   (You found it on level 3 of the Dungeon)

   It inflicts extra damage upon your enemies.
 x - the +10 dagger of Ru's Generosity {holy, rF+ rC+ rCorr Int-3}
   (You found it in a sewer)

   It has been blessed by the Shining One to cause great damage to the undead
   and demons.
   Int:       It affects your intelligence (-3).
   rF:        It protects you from fire.
   rC:        It protects you from cold.
   rCorr:     It protects you from acid and corrosion.
Missiles
 c - 108 stones
 A - a throwing net
Armour
 b - a +0 robe
 i - a +0 leather armour
 s - a +0 ring mail (worn)
Jewellery
 E - a ring of wizardry (left hand)
 G - a ring of positive energy
Wands
 t - a wand of polymorph (2)
 v - a wand of paralysis (5)
Scrolls
 g - 3 scrolls of magic mapping
 h - 3 scrolls of amnesia {unknown}
 k - 2 scrolls of identify
 q - 2 scrolls of noise {unknown}
 r - a scroll of blinking {unknown}
 u - 2 scrolls of teleportation
 y - a scroll of brand weapon {unknown}
 B - a scroll of holy word {unknown}
 C - 2 scrolls of vulnerability {unknown}
 D - a scroll of fear {unknown}
Potions
 a - a potion of haste
 d - 2 potions of flight
 e - 3 potions of mutation {unknown}
 f - 2 potions of magic
 m - 4 potions of might
 n - a potion of degeneration {unknown}
 w - a potion of attraction {unknown}
 z - a potion of ambrosia
 H - a potion of curing {unknown}


   Skills:
 * Level 6.1 Fighting
 * Level 0.8 Armour
 - Level 1.5 Dodging
 - Level 2.1 Stealth
 + Level 10.9 Spellcasting
 + Level 6.0 Conjurations
 - Level 1.0 Transmutations
 + Level 9.1 Earth Magic


You had 19 spell levels left.
You knew the following spells:

 Your Spells              Type           Power      Damage    Failure   Level
a - Sandblast             Erth           94%        2d19      1%          1
b - Passwall              Tmut/Erth      25%        N/A       1%          2
c - Stone Arrow           Conj/Erth      82%        3d12      1%          3
h - Freezing Cloud        Conj/Ice/Air   9%         6-21      52%         5

Your spell library contained the following spells:

 Spells                   Type           Power      Damage    Failure   Level
 Static Discharge         Conj/Air       23%        N/A       2%          2
 Pain                     Necr           40%        1d6       6%          1
 Petrify                  Tmut/Erth      31%        N/A       8%          4
 Corpse Rot               Necr/Air       20%        N/A       9%          2
 Poisonous Vapours        Pois/Air       20%        N/A       9%          2
 Sticky Flame             Conj/Fire      23%        2d4       16%         4
 Dispel Undead            Necr           10%        3d9       47%         4
 Agony                    Necr           10%        N/A       82%         5
 Excruciating Wounds      Necr           5%         N/A       82%         5
 Simulacrum               Ice/Necr       5%         N/A       100%        6
 Polar Vortex             Ice            5%         N/A       100%        9


Dungeon Overview and Level Annotations

Branches:
Dungeon (8/15)             Temple (1/1) D:6            Lair (0/6) D:8
  Sewer (visited)

Altars:
Ashenzari
Cheibriados
Dithmenos
Elyvilon
Fedhas
Gozag
Hepliaklqana
Kikubaaqudgha
Makhleb
Nemelex Xobeh
Okawaru
Qazlal
Ru
Sif Muna
Trog
Uskayaw
Vehumet
Wu Jian
Xom
Yredelemnul
Zin
The Shining One

Shops:
D:1 (?(!*   D:3 *

Annotations:
D:5 2 transporters, NiggerDarts's ghost, novice HuFi
D:6 2 runed translucent doors, Seraphu's ghost, novice DjFE


Innate Abilities, Weirdness & Mutations

You are immune to sickness and miasma.
Your stone body is resilient. (AC +7)
You are immune to poison.
You resist negative energy. (rN+)
You are resistant to electric shocks. (rElec)
You are resistant to unholy torment.
You are immune to petrification.


Message History

Press < or > to pray at altars.
A centaur warrior comes into view.
The centaur warrior shouts!
You see here a yak corpse.
Casting: Sandblast (safe; 1% risk of failure)
Confirm with . or Enter, or press ? or * to list all spells.
Aiming: Stone Arrow (safe; 1% risk of failure)
Press: ? - help, Shift-Dir - straight line, f - centaur warrior
Aim: a centaur warrior, quivering arrows (82% to hit)
The stone arrow misses the centaur warrior.
The centaur warrior wields a +0 longbow.
The centaur warrior shoots an arrow.
The arrow hits you!
The centaur warrior shoots an arrow.
The arrow closely misses you.
Casting: Stone Arrow (safe; 1% risk of failure)
Confirm with . or Enter, or press ? or * to list all spells.
Aiming: Stone Arrow (safe; 1% risk of failure)
Press: ? - help, Shift-Dir - straight line, f/p - centaur warrior
Aim: a centaur warrior, wielding a +0 longbow and quivering arrows (82% to hit)
The stone arrow hits the centaur warrior!!
The centaur warrior is moderately wounded.
The centaur warrior shoots an arrow.
The arrow hits you!!
* * * LOW HITPOINT WARNING * * *
Okay, then.
Casting: Stone Arrow (safe; 1% risk of failure)
Confirm with . or Enter, or press ? or * to list all spells.
Aiming: Stone Arrow (safe; 1% risk of failure)
Press: ? - help, Shift-Dir - straight line, f/p - centaur warrior
Aim: a centaur warrior, wielding a +0 longbow and quivering arrows (moderately wounded, 82% to hit)
The stone arrow hits the centaur warrior!
The centaur warrior is heavily wounded.
The centaur warrior shoots an arrow.
The arrow closely misses you.
Casting: Stone Arrow (safe; 1% risk of failure)
Confirm with . or Enter, or press ? or * to list all spells.
Aiming: Stone Arrow (safe; 1% risk of failure)
Press: ? - help, Shift-Dir - straight line, f/p - centaur warrior
Aim: a centaur warrior, wielding a +0 longbow and quivering arrows (heavily wounded, 82% to hit)
The stone arrow hits the centaur warrior!!
The centaur warrior is almost dead.
The centaur warrior shoots an arrow.
The arrow hits you!!
You die...

#..............Y###.####.)..
#.#####.#...##.## #.####.#.#
#.# #########.# #.#<##.#..
#.# ##.....###Y# #.#.##.##.
#.# ##..._...##Z# #.#.##.##÷
#.# #.._..._..#.###.#.##.##.
#.# #....#....#.....#....###
#.###._.###._.#..##.###### #
#...#....##@..##.######## #
#...#..8..#...##....Y.Z.#
#...##....#c..#####.###Y#
#._.###._.#.### #...Y..####
#....#....#.# #.####.....
#.._..._..#.#### #.# #..Y..
##..._...##.....##)# ##....Y
##.....###........###.....Y
####### #.....#......_....


You could see a centaur warrior.

Vanquished Creatures
  A two-headed ogre (D:8)
  A kobold demonologist (D:7)
  Prince Ribbit (D:5)
  6 yaks (D:8)
  A water moccasin (D:8)
  An ice beast (D:6)
  2 ogres
  2 sky beasts
  A necrophage (D:6)
  A black bear (D:4)
  A hornet zombie (D:8)
  6 wolves
  4 centaurs
  A kobold brigand (D:8)
  A bullfrog (Sewer)
  A gnoll sergeant (D:3)
  3 wyvern zombies (D:8)
  A water moccasin skeleton (D:4)
  11 killer bees
  3 wights (D:4)
  3 howler monkeys (D:7)
  3 electric eels (D:8)
  A bullfrog zombie (D:7)
  4 hounds
  A jelly (D:4)
  3 bullfrog skeletons
  An orc priest (D:8)
  A gnoll shaman (D:7)
  4 iguanas
  5 orc wizards
  A scorpion zombie (D:5)
  2 killer bee zombies (D:7)
  2 hound skeletons (D:4)
  12 gnolls
  2 howler monkey skeletons
  12 adders
  2 river rats (D:5)
  A white imp (D:7)
  An ufetubus (D:5)
  A worm (D:2)
  A dart slug (D:2)
  9 orcs
  3 bats (D:1)
  7 endoplasms
  15 giant cockroaches
  7 goblins
  11 hobgoblins
  5 jackals
  9 quokkas
  7 ball pythons
  4 frilled lizards
  12 kobolds
  4 rats
205 creatures vanquished.

Vanquished Creatures (others)
  17 plants
17 creatures vanquished.

Grand Total: 222 creatures vanquished

Notes
Turn   | Place    | Note
-------+----------+-------------------------------------------
     0 | D:1      | protoss039 the Gargoyle Earth Elementalist began the quest
                  | for the Orb.
     0 | D:1      | Reached XP level 1. HP: 10/10 MP: 3/3
   121 | D:1      | Reached skill level 1 in Transmutations
   442 | D:1      | Found Noawnupp's Weapon Boutique.
   462 | D:1      | Reached XP level 2. HP: 13/15 MP: 5/5
   476 | D:1      | Found Ogopsar's Distillery.
   904 | D:1      | Found Socvuz's General Store.
  1330 | D:1      | Found Ymoagyl's Magic Scroll Emporium.
  1410 | D:1      | Reached XP level 3. HP: 19/19 MP: 6/6
  1472 | D:1      | Found Uranoef's Weapon Emporium.
  1826 | D:1      | Learned a level 2 spell: Passwall
  1830 | D:1      | Learned a level 3 spell: Stone Arrow
  1922 | D:2      | Identified the +6 mace "Westrade" {vorpal, rC+ Will++
                  | Str-4}
  2313 | D:2      | Reached skill level 3 in Spellcasting
  2325 | D:2      | Reached XP level 4. HP: 13/24 MP: 8/8
  2732 | D:2      | Reached skill level 5 in Earth Magic
  3245 | D:3      | Found Gyt Oxesk's Assorted Antiques.
  3281 | D:3      | Found a stormy altar of Qazlal.
  4015 | D:3      | Reached XP level 5. HP: 28/28 MP: 10/10
  4215 | D:3      | Found the +8 woodcutter's axe {vorpal}
  4225 | D:3      | Reached skill level 4 in Spellcasting
  4438 | D:4      | Reached XP level 6. HP: 32/32 MP: 12/12
  4907 | D:4      | Noticed a black bear
  4910 | D:4      | Killed a black bear
  4911 | D:4      | Reached XP level 7. HP: 36/36 MP: 9/14
  4981 | D:4      | Reached skill level 5 in Spellcasting
  5890 | D:5      | Entered Level 5 of the Dungeon
  5915 | D:5      | Noticed NiggerDarts's ghost (novice HuFi)
  6051 | D:5      | Reached XP level 8. HP: 22/41 MP: 16/16
  6054 | D:5      | Reached skill level 6 in Spellcasting
  6073 | D:5      | Found a glowing drain.
  6075 | D:5      | Noticed Prince Ribbit
  6090 | D:5      | Killed Prince Ribbit
  6207 | Sewer    | Entered a sewer
  6476 | Sewer    | Reached skill level 1 in Fighting
  6766 | Sewer    | Identified the +10 dagger of Ru's Generosity {holy, rF+ rC+
                  | rCorr Int-3}
  6876 | D:5      | Found a transporter.
  6880 | D:5      | Found a transporter.
  7087 | D:5      | Reached skill level 1 in Conjurations
  7111 | D:5      | Reached skill level 7 in Spellcasting
  7117 | D:5      | Reached XP level 9. HP: 20/52 MP: 19/19
  7781 | D:5      | Learned a level 5 spell: Freezing Cloud
  8021 | D:6      | Found a large runed translucent door.
  8021 | D:6      | Found a large runed translucent door.
  8025 | D:6      | Found a staircase to the Ecumenical Temple.
  8027 | D:6      | Noticed Seraphu's ghost (novice DjFE)
  8038 | D:6      | Reached skill level 5 in Fighting
  8044 | Temple   | Entered the Ecumenical Temple
  8801 | D:7      | Identified the +4 rapier of the Slashing Sybil {vorpal,
                  | Str+3 Dex+3}
  8840 | D:7      | Noticed a kobold demonologist
  8841 | D:7      | Noticed an ice devil
  8848 | D:7      | Killed a kobold demonologist
  8890 | D:7      | Reached skill level 8 in Spellcasting
  9838 | D:7      | Found a burning altar of Makhleb.
 10215 | D:8      | Reached skill level 9 in Spellcasting
 10215 | D:8      | Reached XP level 10. HP: 59/60 MP: 15/23
 10228 | D:7      | Reached skill level 5 in Conjurations
 10417 | D:8      | Found a white marble altar of Elyvilon.
 10774 | D:8      | HP: 2/60 [yak (3)]
 11109 | D:8      | Reached skill level 10 in Spellcasting
 11154 | D:8      | Found a staircase to the Lair.
 11454 | D:8      | Noticed a two-headed ogre
 11461 | D:8      | Killed a two-headed ogre
 11465 | D:8      | Noticed a centaur warrior
 11846 | D:8      | Found an ancient bone altar of Kikubaaqudgha.
 11848 | D:8      | Found a sacrificial altar of Ru.
 11849 | D:8      | Found a shimmering blue altar of Sif Muna.
 11855 | D:8      | Found a blossoming altar of Fedhas.
 11856 | D:8      | Found a shadowy altar of Dithmenos.
 11858 | D:8      | Found a bloodstained altar of Trog.
 11859 | D:8      | Found a basalt altar of Yredelemnul.
 11861 | D:8      | Found a hide-covered altar of Uskayaw.
 11864 | D:8      | Found a broken altar of Ashenzari.
 11865 | D:8      | Found a radiant altar of Vehumet.
 11871 | D:8      | Became a worshipper of Vehumet
 11888 | D:8      | Noticed a centaur warrior
 11893 | D:8      | Shot with an arrow by a centaur warrior

Illustrated notes

Levels and vault maps discovered:
D:1:      dpeg_arrival_three_smaller_balls, layout_basic, serial_shops,
          nicolae_shop_competitors_out_of_business, nicolae_shop_hallway_plus,
          shop_statue, shop, nicolae_lakefront_shop
D:2:      kennysheep_six_static_rooms, layout_basic, minmay_quantized
D:3:      layout_basic, nicolae_qazlal_scattered_showers, serial_shops,
          nicolae_lakefront_shop, pf_guarded_unrand_woodcutter
D:4:      layout_basic, kennysheep_generic_room_9
D:5:      layout_basic, portal_sewer_entry_a, gammafunk_ghost_hive,
          hangedman_abyss_or_decor_jellyfish_corner, uniq_prince_ribbit1
D:6:      layout_cave_pools, minmay_temple_entry_overgrown,
          ebering_ghost_disaster_area
D:7:      layout_basic, lemuel_round_altar
D:8:      layout_basic, nicolae_overflow_crystal_walls,
          nicolae_overflow_hallway_of_the_gods, erik_lair_island,
          minmay_shattered_shrine
Temple:   compressed_dpeg_triangle_lava_temple

Skill      XL: |  1  2  3  4  5  6  7  8  9 10 |
---------------+-------------------------------+-----
Transmutations | 1 |  1.0
Earth Magic    | 4 5 6 7 8 9 |  9.1
Spellcasting   | 3 4 5 7 9 10 | 10.9
Fighting       | 4 6 |  6.1
Conjurations   | 1 4 6 |  6.0
Armour         | |  0.8
Dodging        | |  1.5
Stealth        | |  2.1

Action                   |  1- 3 |  4- 6 |  7- 9 | 10-12 || total
-------------------------+-------+-------+-------+-------++-------
Melee: Whip              |    60 |       |       |       ||    60
       Unarmed           |     4 |       |       |       ||     4
       Dagger            |    58 |       |    53 |    28 ||   139
       Mace              |    24 |    47 |       |     4 ||    75
       Punch             |       |     1 |     3 |     1 ||     5
       War axe           |       |    20 |   178 |    23 ||   221
 Cast: Sandblast         |    18 |    20 |    35 |    34 ||   107
       Stone Arrow       |       |     1 |    16 |    16 ||    33
  Use: Potion            |       |       |     5 |     2 ||     7
       Scroll            |       |       |     4 |       ||     4
 Stab: Sleeping          |     2 |     1 |       |       ||     3
Armor: Robe              |    60 |       |       |       ||    60
       Leather armour    |     6 |    33 |     5 |       ||    44
       Ring mail         |       |       |   115 |    39 ||   154
Dodge: Dodged            |   107 |    33 |   167 |    61 ||   368
